 Dungeon Crawl Stone Soup version 0.16-a0-715-g16937c4 (webtiles) character file.

4272 Psiweapon the Covert (level 10, -1/56 HPs)
             Began as a Kobold Berserker on Sept 21, 2014.
             Was an Elder of Trog.
             Engulfed by their own flame (12 damage)
             ... on Level 9 of the Dungeon.
             The game lasted 01:03:27 (8226 turns).

Psiweapon the Covert (Kobold Berserker)             Turns: 8226, Time: 01:03:27

HP  -1/56        AC  6     Str 17      XL: 10   Next: 56%
MP  10/10        EV 21     Int  5      God: Trog [****..]
Gold 550         SH 13     Dex 18      Spells:  0 memorised,  9 levels left

rFire  . . .     SeeInvis .     b - +2 short sword (freeze)
rCold  . . .     Clarity  .     n - +0 leather armour
rNeg   . . .     rCorr    .     y - +2 shield
rPois  .         rRot     .     U - +0 helmet
rElec  .         Spirit   .     Z - +0 cloak
SustAb .         Warding  .     j - +0 pair of gloves
rMut   .         Stasis   .     (no boots)
Gourm  .                        (no amulet)
MR     ++...                    m - ring of stealth
                                w - +3 ring of evasion

@: very slightly contaminated, regenerating, hasted, very quick, very resistant
to hostile enchantments, very stealthy
A: carnivore 3
a: Burn Spellbooks, Berserk, Trog's Hand, Brothers in Arms, Renounce Religion


You were on level 9 of the Dungeon.
You worshipped Trog.
Trog was greatly pleased with you.
You were very full.

You visited 2 branches of the dungeon, and saw 10 of its levels.
You also visited: Ossuary.

You collected 550 gold pieces.

Inventory:

Hand weapons
 a - a +0 hand crossbow
 b - a +2 short sword of freezing (weapon)
 h - a +0 dagger
 D - a +0 flail
 E - a +2 dagger of speed
 R - a +0 falchion
Missiles
 e - 3 curare-tipped needles
 k - 17 stones (quivered)
 A - 45 bolts
 N - 3 throwing nets
 V - 4 tomahawks
Armour
 j - a +0 pair of gloves (worn)
 n - a +0 leather armour (worn)
 p - a cursed +0 ring mail
 s - a +0 robe
 t - a +0 pair of gloves
 y - a +2 shield (worn)
 U - a +0 helmet (worn)
 Z - a +0 cloak (worn)
Magical devices
 G - a wand of lightning (5)
 J - a wand of fire (5)
Comestibles
 c - 4 meat rations
 l - 2 slices of pizza
 H - a royal jelly
 Q - a rotting chunk of orc flesh
 T - 2 beef jerkies
Scrolls
 f - a scroll of recharging {unknown}
 g - a scroll of identify
 o - a scroll of remove curse
 r - 3 scrolls of fog
 x - a scroll of immolation
 B - a scroll of magic mapping
 L - a scroll of enchant armour
 S - a scroll of teleportation {unknown}
 W - a scroll of blinking {unknown}
 X - a scroll of enchant weapon {unknown}
 Y - 4 scrolls of random uselessness
Jewellery
 m - a ring of stealth (right hand)
 w - a +3 ring of evasion (left hand)
 I - an uncursed ring of magical power
Potions
 d - 5 potions of curing
 i - 2 potions of heal wounds
 q - 2 potions of resistance {unknown}
 u - a potion of confusion {unknown}
 v - a potion of lignification {unknown}
 z - 4 potions of restore abilities
 C - 2 potions of magic {unknown}
 F - 2 potions of might
 K - 2 potions of brilliance
 O - a potion of berserk rage
Miscellaneous
 P - a plain deck of wonders


   Skills:
 - Level 3.3 Fighting
 + Level 9.5 Short Blades
 + Level 6.7 Crossbows
 - Level 1.5 Armour
 + Level 8.6 Dodging
 + Level 10.0 Stealth
 + Level 5.2 Shields


You had 9 spell levels left.
You didn't know any spells.

Dungeon Overview and Level Annotations

Branches:
Dungeon (9/15)             Temple (1/1) D:5
    Orc: D:9-12        Lair: D:8-11

Altars:
Ashenzari
Cheibriados
Dithmenos
Elyvilon
Fedhas
Gozag
Kikubaaqudgha
Makhleb
Nemelex Xobeh
Okawaru
Qazlal
Ru
Sif Muna
Trog
Vehumet
Xom
Yredelemnul
Zin

Shops:
D:7 (

Annotations:
D:8 Erolcha


Innate Abilities, Weirdness & Mutations

You are small and have problems with some larger weapons.
You are carnivorous and can eat meat at any time.


Message History

Unknown command.
Drink which item? (? for menu, Esc to quit)
You feel much better.
You hear a zap.
Something tries to affect you, but you resist.
You miss something. You hit something. You freeze something.
The fiery explosion engulfs you!
Ouch! That really hurt!
* * * LOW HITPOINT WARNING * * *
Trog accepts your kill.
Trog appreciates your killing of a magic user.
Reactivating autopickup.
Your Stealth skill increases to level 10!
You feel a bit more experienced.
You are engulfed in roaring flames.
* * * LOW HITPOINT WARNING * * *
Drink which item? (? for menu, Esc to quit)
You feel much better.
You are engulfed in roaring flames.
* * * LOW HITPOINT WARNING * * *
You are engulfed in roaring flames.
You die...

......# #....)..§§§#...# ....#.#
#.#.....#§§.yZ.# ......#
#.#.....#§######
#.....###.#.....§§#
....#.....#..#..§§#
.......#..#.....#§#
................#§#
..#############.#§# ### #(@§#
##### ### ############### ..#
####.............# ..#
#.........#..##..+
#.#############.#...#...#..##..#
#.......................#..##..#
#............#.###.............#
......##.......#
#...#######'####


There were no monsters in sight!

Vanquished Creatures
  A hill giant (D:8)
  Maurice (D:9)
  A troll (D:7)
  3 yaks (D:8)
  A hippogriff (D:7)
  A black bear (D:6)
  An ice beast (D:5)
  A phantom (D:4)
  3 sky beasts
  3 ogres
  2 giant frogs
  2 water moccasin zombies (Ossuary)
  A water moccasin skeleton (D:5)
  A scorpion (D:5)
  9 killer bees (D:9)
  4 wights (D:7)
  A goliath beetle (D:8)
  3 jellies
  A centaur zombie (D:5)
  6 hounds
  An orc priest (D:5)
  2 orc wizards (D:8)
  2 iguanas
  8 worker ants
  4 big kobold zombies (Ossuary)
  A hound skeleton (D:6)
  2 mummies (Ossuary)
  3 gnolls (D:5)
  8 adders
  A shadow imp (D:7)
  A giant mite (D:7)
  6 adder zombies
  An orc skeleton (D:6)
  4 giant geckos
  An ooze (D:4)
  12 orcs
  A ball python (D:3)
  14 bats
  A bat skeleton (D:8)
  A bat zombie (D:6)
  6 giant cockroaches
  5 gnoll zombies (Ossuary)
  7 hobgoblins
  7 jackals
  4 giant newts
  A giant spore (D:6)
  8 goblins
  6 hobgoblin zombies (Ossuary)
  19 kobolds
  A kobold skeleton (D:4)
  4 kobold zombies (Ossuary)
  8 orc zombies (Ossuary)
  3 quokkas
  9 rats
  A rat skeleton (D:8)
  A rat zombie (D:8)
  4 ballistomycetes (D:6)
214 creatures vanquished.

Vanquished Creatures (others)
  A giant spore (D:6)
1 creature vanquished.

Grand Total: 215 creatures vanquished

Notes
Turn   | Place    | Note
--------------------------------------------------------------
     0 | D:1      | Psiweapon, the Kobold Berserker, began the quest for the Orb.
     0 | D:1      | Reached XP level 1. HP: 14/14 MP: 1/1
   131 | D:1      | Found a snail-covered altar of Cheibriados.
   272 | D:1      | Reached XP level 2. HP: 19/19 MP: 2/2
   309 | D:1      | Reached skill level 1 in Stealth
  1239 | D:1      | Reached XP level 3. HP: 23/23 MP: 3/3
  1277 | D:3      | Noticed an air elemental
  1403 | D:2      | Found a blossoming altar of Fedhas.
  1464 | D:2      | Acquired Trog's second power
  1483 | D:2      | Found a deep blue altar of Sif Muna.
  2129 | D:3      | Reached XP level 4. HP: 28/28 MP: 4/4
  2229 | D:3      | Found a stormy altar of Qazlal.
  2230 | D:3      | Noticed an earth elemental
  2231 | D:3      | Noticed a fire elemental
  2232 | D:3      | Noticed a water elemental
  2254 | D:3      | Found an ancient bone altar of Kikubaaqudgha.
  2408 | D:3      | Found a deep blue altar of Sif Muna.
  2821 | D:4      | Reached skill level 5 in Short Blades
  2821 | D:4      | Reached XP level 5. HP: 32/32 MP: 5/5
  3137 | D:4      | Noticed a phantom
  3151 | D:4      | Killed a phantom
  3151 | D:4      | Reached skill level 1 in Shields
  3151 | D:4      | Reached XP level 6. HP: 23/37 MP: 6/6
  3289 | D:4      | Found a glowing drain.
  3452 | D:5      | Entered Level 5 of the Dungeon
  3452 | D:5      | Noticed an ice beast
  3461 | D:5      | Killed an ice beast
  3464 | D:5      | Found a sand-covered staircase.
  3475 | D:5      | Found a sparkling altar of Nemelex Xobeh.
  3491 | D:5      | Noticed a sky beast
  3498 | Ossuary  | Entered an ossuary
  3610 | Ossuary  | Reached XP level 7. HP: 36/41 MP: 7/7
  3658 | Ossuary  | Reached skill level 5 in Stealth
  3830 | Ossuary  | Reached skill level 5 in Dodging
  4016 | Ossuary  | Reached skill level 6 in Short Blades
  4694 | D:5      | Killed a sky beast
  4694 | D:5      | Reached skill level 1 in Crossbows
  4694 | D:5      | Reached XP level 8. HP: 38/46 MP: 8/8
  5166 | D:5      | Found a staircase to the Ecumenical Temple.
  5177 | Temple   | Entered the Ecumenical Temple
  5312 | D:6      | Reached skill level 7 in Short Blades
  6214 | D:7      | Found Bligec's Antique Weapon Shop.
  6219 | D:7      | Reached XP level 9. HP: 51/51 MP: 9/9
  6676 | D:7      | Reached skill level 8 in Stealth
  6948 | D:7      | Found a shadowy altar of Dithmenos.
  7075 | D:7      | Reached skill level 5 in Crossbows
  7081 | D:7      | Noticed a troll
  7093 | D:7      | Killed a troll
  7457 | D:8      | Found a shattered altar of Ashenzari.
  7487 | D:8      | Noticed a hill giant
  7502 | D:8      | Killed a hill giant
  7502 | D:8      | Reached skill level 9 in Stealth
  7502 | D:8      | Reached XP level 10. HP: 46/56 MP: 10/10
  7750 | D:8      | Reached skill level 5 in Shields
  8007 | D:8      | Noticed Erolcha
  8059 | D:9      | Found a white marble altar of Elyvilon.
  8179 | D:9      | Noticed Maurice
  8214 | D:9      | Acquired Trog's third power
  8224 | D:9      | Killed Maurice
  8224 | D:9      | Reached skill level 10 in Stealth
  8226 | D:9      | Engulfed by their own flame

Action                   |  1- 3 |  4- 6 |  7- 9 | 10-12 || total
-------------------------+-------+-------+-------+-------++-------
Melee: Short sword       |   112 |    92 |   425 |    45 ||   674
       Dagger            |       |     1 |       |       ||     1
 Fire: Hand crossbow     |       |    16 |   126 |    19 ||   161
Throw: Stone             |       |       |     1 |       ||     1
Invok: Berserk           |     1 |     1 |     6 |     2 ||    10
       Trog's Hand       |       |     3 |     5 |     3 ||    11
       Burn Spellbooks   |       |       |       |     1 ||     1
Evoke: Wand              |       |       |     2 |     3 ||     5
  Use: Scroll            |       |     2 |    16 |     1 ||    19
       Potion            |       |       |     1 |     4 ||     5
 Stab: Sleeping          |     4 |     4 |    17 |     5 ||    30
  Eat: Chunk             |     8 |     8 |    19 |     8 ||    43
